 Dungeon Crawl Stone Soup version 0.28-a0-1447-ga5a8893891 (webtiles) character file.

Game seed: 11622298540936376423

97 hashsling the Gusty (level 4, -2/24 HPs)
             Began as a Tengu Air Elementalist on Jan 11, 2022.
             Slain by a rat (3 damage)
             ... on level 2 of the Dungeon.
             The game lasted 00:05:59 (2015 turns).

hashsling the Gusty (Tengu Air Elementalist)        Turns: 2015, Time: 00:06:00

Health: -2/24      AC:  2    Str:  9    XL:     4   Next: 68%
Magic:  6/8        EV: 12    Int: 17    God:
Gold:   47         SH:  0    Dex: 14    Spells: 2/8 levels left

rFire   . . .      SeeInvis .   a - +0 short sword
rCold   . . .      Faith    .   (no shield)
rNeg    . . .      Spirit   .   c - +0 robe
rPois   .          Reflect  .   (helmet restricted)
rElec   .          Harm     .   (no cloak)
rCorr   .          Rampage  .   (no gloves)
Will    .....                   (boots unavailable)
Stlth   ++........              e - amulet of the acrobat
HPRegen 0.08/turn               (no ring)
MPRegen 0.11/turn               (no ring)

@: no status effects
A: beak, talons 3
a: no special abilities


You were on level 2 of the Dungeon.
You visited 1 branch of the dungeon, and saw 2 of its levels.

You collected 47 gold pieces.

Inventory:

Hand Weapons
 a - a +0 short sword (weapon)
Missiles
 g - 38 arrows
Armour
 c - a +0 robe (worn)
Jewellery
 e - an amulet of the acrobat (around neck)
 f - a ring of see invisible
Scrolls
 b - a scroll of holy word {unknown}
 i - a scroll of identify
Potions
 d - a potion of invisibility
 h - a potion of resistance {unknown}
 j - a potion of brilliance {unknown}


   Skills:
 - Level 2.1 Dodging
 - Level 2.0 Stealth
 + Level 2.6 Spellcasting
 * Level 3.7 Conjurations
 * Level 5.4 Air Magic


You had 2 spell levels left.
You knew the following spells:

 Your Spells              Type           Power      Damage    Failure   Level
a - Shock                 Conj/Air       68%        1d7       2%          1
b - Static Discharge      Conj/Air       17%        N/A       4%          2
c - Swiftness             Air            20%        N/A       6%          3

Your spell library contained the following spells:

 Spells                   Type           Power      Damage    Failure   Level
 Airstrike                Air            10%        N/A       19%         4


Dungeon Overview and Level Annotations

Branches:
Dungeon (2/15)

Altars:

Annotations:
D:2 Sigmund


Innate Abilities, Weirdness & Mutations

You have a beak for a mouth.
You have claws for feet.


Message History

You start to feel a little faster.
The hound closely misses you. x2
The hound bites you.
* * * LOW HITPOINT WARNING * * *
The hound misses you. The hound completely misses you.
You no longer feel sluggish.
The hound closely misses you. Something closely misses you.
The hound misses you. The hound misses you. The hound completely misses you.
The hound barely misses you. The hound barely misses you.
The hound completely misses you. The hound completely misses you.
The hound bites you but does no damage. The hound completely misses you.
The hound completely misses you. The hound misses you.
The hound closely misses you.
Sigmund appears from thin air!
Reactivating autopickup.
Sigmund gestures wildly while chanting.
Sigmund flickers and vanishes!
Deactivating autopickup; reactivate with Ctrl-A.
The hound misses you. The hound misses you. The hound closely misses you.
The hound barely misses you. The hound completely misses you.
A rat comes into view.
The hound completely misses you. The rat completely misses you.
The hound completely misses you.
You hit the rat but do no damage. You claw the rat, but do no damage.
The hound barely misses you. The rat misses you. The hound bites you.
* * * LOW HITPOINT WARNING * * *
You hit the rat.
The rat is heavily wounded.
The hound misses you. The rat bites you.
You die...

....#.#..# #...........#...##
......#..###.#######.#..#...#
....###..#[#.# #.)#..#..#
....# ##.....# ##.......#
#.### ##.....## ##.###..#
#.#####.......# #.# .##
#............## #.###"#
.............#########.....#
##########.#...r@h........##
#.#..########.#### #.#..#
#.....# #.#..# #.#.#.# #.#..#
#.#.....
###.#..######.###.###
#...#...{.........#
#.####..#########.# #.# ##.#


You could see a hound and a rat.

Vanquished Creatures
  Jessica (D:2)
  Natasha (D:2)
  An adder (D:2)
  A dart slug (D:1)
  3 ball pythons (D:1)
  2 bats (D:1)
  2 endoplasms (D:1)
  2 giant cockroaches (D:1)
  3 goblins
  6 hobgoblins
  2 quokkas (D:1)
  A frilled lizard (D:1)
  3 kobolds
  6 rats
34 creatures vanquished.

Notes
Turn   | Place    | Note
-------+----------+-------------------------------------------
     0 | D:1      | hashsling the Tengu Air Elementalist began the quest for
                  | the Orb.
     0 | D:1      | Reached XP level 1. HP: 10/10 MP: 4/4
     3 | D:1      | Noticed an electric eel
     4 | D:1      | Noticed an electric eel
   186 | D:1      | Reached XP level 2. HP: 15/15 MP: 0/6
   189 | D:1      | Learned a level 2 spell: Static Discharge
   933 | D:1      | Reached XP level 3. HP: 19/19 MP: 4/7
  1113 | D:1      | Found a faded altar of an unknown god.
  1706 | D:2      | Noticed Jessica
  1718 | D:2      | Killed Jessica
  1719 | D:2      | Reached skill level 5 in Air Magic
  1719 | D:2      | Reached XP level 4. HP: 24/24 MP: 0/8
  1723 | D:2      | Learned a level 3 spell: Swiftness
  1933 | D:2      | Noticed Natasha
  1937 | D:2      | Noticed Sigmund
  1938 | D:2      | Killed Natasha
  1973 | D:2      | HP: 1/24 [hound (5)]
  2014 | D:2      | HP: 1/24 [hound (4)]
  2015 | D:2      | Slain by a rat

Illustrated notes

Levels and vault maps discovered:
D:1:      arrival_aquarium_b, layout_basic, dilly_ecumenical_altar_fadedgnrine
D:2:      layout_loops_ring, dk_noncrumbling_3, minmay_misc_feat_diagonals,
          uniq_sigmund, uniq_natasha, uniq_jessica

Skill      XL: |  1  2  3 |
---------------+----------+-----
Conjurations   | 2 3 |  3.7
Air Magic      | 5 |  5.4
Dodging        | |  2.1
Stealth        | |  2.0
Spellcasting   | |  2.6

Action                   |  1- 3 |  4- 6 || total
-------------------------+-------+-------++-------
Melee: Dagger            |     4 |       ||     4
       Short sword       |       |     6 ||     6
       Kick              |       |     1 ||     1
       Peck              |       |     1 ||     1
 Cast: Shock             |    65 |    12 ||    77
       Swiftness         |       |     1 ||     1
  Use: Scroll            |     1 |       ||     1
Armor: Robe              |     3 |     2 ||     5
Dodge: Dodged            |     9 |    41 ||    50

Table legend: (Time is in decaauts)
 A = Elapsed time spent in this place.
 B = Non-inter-level travel time spent in this place.
 C = Inter-level travel time spent in this place.
 D = Time resting spent in this place.
 E = Time spent auto-exploring this place.
 F = Levels seen in this place.
 G = Mean time per level.
                   A        B        C        D        E       F      G
               +--------+--------+--------+--------+--------+-----+--------+
         Total |   2014 |   1997 |     17 |      0 |   1653 |   2 | 1007.0 |
       Dungeon |   2014 |   1997 |     17 |      0 |   1653 |   2 | 1007.0 |
               +--------+--------+--------+--------+--------+-----+--------+

Top non-repeatable levels by time:
     D:1: 1310 daAuts
     D:2: 703 daAuts
